 Dungeon Crawl Stone Soup version 0.24.0-13-gcf9b319 (webtiles) character file.

Game seed: 5022229240997231667, levelgen mode: deterministic

6097 ubername the Slicer (level 10, -7/92 HPs)
             Began as a Minotaur Berserker on May 26, 2020.
             Was an Elder of Trog.
             Mangled by a crocodile (13 damage)
             ... on level 1 of the Lair of Beasts.
             The game lasted 00:14:04 (7761 turns).

ubername the Slicer (Minotaur Berserker)            Turns: 7761, Time: 00:14:05

Health: -7/92      AC: 10    Str: 25    XL:     10   Next: 58%
Magic:  8/8        EV: 11    Int:  4    God:    Trog [****..]
Gold:   413        SH:  0    Dex: 10    Spells: 9/9 levels left

rFire    . . .     SeeInvis .   r - +2 short sword (flame)
rCold    . . .     Gourm    .   (no shield)
rNeg     + . .     Faith    .   s - +2 scale mail {rN+}
rPois    .         Spirit   .   (helmet restricted)
rElec    .         Reflect  .   (no cloak)
rCorr    .         Harm     .   (no gloves)
MR       .....                  (no boots)
Stlth    ..........             (no amulet)
HPRegen  0.25/turn              (no ring)
MPRegen  0.11/turn              (no ring)

@: berserk cooldown, slowed, very slow
A: retaliatory headbutt, horns 2, low mp 1, mutation resistance 1
a: Berserk, Trog's Hand, Brothers in Arms, Renounce Religion


You were on level 1 of the Lair of Beasts.
You worshipped Trog.
Trog was greatly pleased with you.
You were very hungry.

You visited 2 branches of the dungeon, and saw 11 of its levels.

You collected 413 gold pieces.

Inventory:

Hand Weapons
 r - a +2 short sword of flaming (weapon)
 t - a +0 rapier
 u - a +2 short sword of speed
Armour
 m - a +1 chain mail
 s - a +2 scale mail of positive energy (worn)
Jewellery
 k - a cursed ring of attention {unknown}
Wands
 a - a wand of digging (7)
 b - a wand of polymorph (4)
 p - a wand of paralysis (4)
 y - a wand of flame (10)
Scrolls
 g - 8 scrolls of identify
 h - 2 scrolls of fear
 i - a scroll of immolation
 l - 5 scrolls of remove curse
 o - 2 scrolls of teleportation
 q - a scroll of magic mapping {unknown}
 z - a scroll of enchant armour
 A - a scroll of acquirement {unknown}
 B - a scroll of blinking {unknown}
 C - a scroll of brand weapon {unknown}
Potions
 d - 2 potions of heal wounds
 e - 2 potions of berserk rage {unknown}
 f - a potion of haste
 j - 2 potions of might
 n - 2 potions of ambrosia {unknown}
 v - a potion of curing
 x - a potion of flight {unknown}
Comestibles
 c - 20 rations
 D - a chunk of flesh


   Skills:
 + Level 9.7 Fighting
 + Level 12.2 Short Blades
 + Level 9.9 Armour
 + Level 3.7 Dodging
 + Level 2.0 Stealth


You had 9 spell levels left.
You didn't know any spells.
Your spell library was empty.

Dungeon Overview and Level Annotations

Branches:
Dungeon (9/15)             Temple (0/1) D:6            Lair (2/6) D:9
  Swamp: Lair:2-4    Shoals: Lair:2-4     Snake: Lair:2-4    Spider: Lair:2-4
    Orc: D:9-12

Altars:
Elyvilon
Fedhas
Gozag
Makhleb
Uskayaw
Wu Jian
Xom
Zin


Innate Abilities, Weirdness & Mutations

You reflexively headbutt those who attack you in melee.
You have a pair of horns on your head.
Your magical capacity is low. (-10% MP)
You are somewhat resistant to further mutation.


Message History

The hippogriff screeches!
You hear an angry hiss.
There is a stone staircase leading up here.
Okay, then.
The death yak barely misses you.
The bullfrog hits you but does no damage.
The death yak gores you.
You climb upwards.
The death yak bellows!
The death yak gores you!!
* * * LOW HITPOINT WARNING * * *
The death yak barely misses you. The crocodile barely misses you.
You furiously retaliate!
You headbutt the crocodile!
The death yak gores you but does no damage.
The crocodile closely misses you. You furiously retaliate!
You headbutt the crocodile!
There is a stone staircase leading down, spattered with blood here.
As you read the scroll of fog, it crumbles to dust.
The scroll dissolves into smoke.
The death yak closely misses you. The crocodile bites you!
You die...

#....#.##....# #......)...... #
.. ..#..........≈≈≈ .# . #.
#............≈# #≈.#
..##.##.#..........≈###≈.## .
..................≈#§§≈..###..
................≈≈§≈≈###... .
#.#......tY§....§§.#..... .
#...###.......§§@Y.#..####..#.##.
#......<.......§§F.##Y# #..##....
#...###............#..###..#...8.
# #..........Y.^Y....+..#.....
##..................Y....Y8.
#.................#...Y....
#.............#....##..#..#.
#P................####.....#
####........P##.... ###....


You could see 4 death yaks, a spiny frog and a crocodile.

Vanquished Creatures
  Harold (D:8)
  Pikel (D:4)
  Joseph (D:8)
  2 komodo dragons (Lair:1)
  Grinder (D:4)
  A hornet (D:9)
  Sigmund (D:4)
  4 hogs (D:7)
  A human (D:7)
  A porcupine (Lair:1)
  2 orc warriors (D:9)
  2 sky beasts
  A hornet zombie (D:9)
  A phantom (D:8)
  A centaur (D:9)
  3 ogres
  6 bullfrogs
  A scorpion (D:8)
  6 killer bees (D:9)
  2 howler monkeys (D:4)
  2 crimson imps
  3 orc priests
  7 hounds
  A bullfrog skeleton (D:5)
  A centaur skeleton (D:9)
  Jessica (D:2)
  6 orc wizards
  Ijyb (D:3)
  2 iguanas (D:8)
  7 worker ants
  Natasha (twice) (D:3)
  A worker ant zombie (D:7)
  9 adders
  An ooze (D:3)
  3 adder skeletons
  3 worms
  2 dart slugs
  2 leopard geckos
  19 orcs
  A ball python (D:3)
  6 giant cockroaches
  4 goblins
  4 hobgoblins
  15 jackals
  7 quokkas
  6 bats
  5 frilled lizards
  A jackal skeleton (D:4)
  7 kobolds
  2 leopard gecko skeletons
  12 rats
182 creatures vanquished.

Notes
Turn   | Place    | Note
-------+----------+-------------------------------------------
     0 | D:1      | ubername the Minotaur Berserker began the quest for the
                  | Orb.
     0 | D:1      | Reached XP level 1. HP: 19/19 MP: 0/0
   376 | D:1      | Reached XP level 2. HP: 27/27 MP: 1/1
  1007 | D:2      | Noticed Jessica
  1023 | D:2      | Killed Jessica
  1023 | D:2      | Reached skill level 4 in Short Blades
  1023 | D:2      | Reached XP level 3. HP: 34/34 MP: 2/2
  1141 | D:2      | Reached ** piety under Trog
  1242 | D:2      | Reached XP level 4. HP: 41/41 MP: 3/3
  1386 | D:2      | Found a faded altar of an unknown god.
  1952 | D:3      | Noticed Ijyb
  1959 | D:3      | Paralysed by Ijyb for 4 turns
  1967 | D:3      | Killed Ijyb
  1967 | D:3      | Reached XP level 5. HP: 42/47 MP: 4/4
  2134 | D:3      | Reached skill level 5 in Short Blades
  2408 | D:3      | Found an opulent altar of Gozag.
  2412 | D:3      | Reached *** piety under Trog
  2551 | D:3      | Noticed Natasha
  2560 | D:3      | Killed Natasha
  2560 | D:3      | Reached skill level 5 in Fighting
  2755 | D:3      | Noticed Natasha
  2760 | D:3      | Killed Natasha
  2786 | D:4      | Noticed Sigmund
  2827 | D:4      | Noticed Grinder
  2829 | D:4      | Reached XP level 6. HP: 56/56 MP: 5/5
  3058 | D:4      | Killed Sigmund
  3058 | D:4      | Reached skill level 6 in Short Blades
  3074 | D:4      | Killed Grinder
  3074 | D:4      | Reached XP level 7. HP: 44/63 MP: 6/6
  3275 | D:4      | Noticed Pikel
  3287 | D:4      | Killed Pikel
  3287 | D:4      | Reached skill level 7 in Short Blades
  3287 | D:4      | Reached skill level 5 in Armour
  3287 | D:4      | Reached XP level 8. HP: 56/71 MP: 7/7
  3305 | D:4      | Reached skill level 8 in Short Blades
  3576 | D:4      | Found an ornate altar of the Wu Jian Council.
  3624 | D:4      | Found a hide-covered altar of Uskayaw.
  3950 | D:5      | Entered Level 5 of the Dungeon
  4115 | D:5      | Found a burning altar of Makhleb.
  4136 | D:5      | Found a shimmering altar of Xom.
  4138 | D:5      | Found a shimmering altar of Xom.
  4138 | D:5      | Found a shimmering altar of Xom.
  4138 | D:5      | Found a shimmering altar of Xom.
  4153 | D:5      | Found a shimmering altar of Xom.
  4339 | D:6      | Found a staircase to the Ecumenical Temple.
  4807 | D:6      | Reached skill level 9 in Short Blades
  4878 | D:7      | Gained mutation: You are frail. (-10% HP) [potion of
                  | mutation]
  4878 | D:7      | Gained mutation: Your magical capacity is low. (-10% MP)
                  | [potion of mutation]
  4878 | D:7      | Gained mutation: You are somewhat resistant to further
                  | mutation. [potion of mutation]
  4878 | D:7      | Lost mutation: You are frail. (-10% HP) [potion of
                  | mutation]
  4906 | D:7      | Found a glowing silver altar of Zin.
  4956 | D:7      | Reached skill level 1 in Stealth
  5081 | D:7      | Reached XP level 9. HP: 73/79 MP: 7/7
  5259 | D:7      | You fall into a shaft and drop 1 floor!
  5443 | D:7      | Reached skill level 10 in Short Blades
  5516 | D:7      | Reached **** piety under Trog
  5627 | D:8      | Noticed Harold
  5640 | D:8      | Killed Harold
  5640 | D:8      | Reached skill level 11 in Short Blades
  5704 | D:8      | Found a white marble altar of Elyvilon.
  5995 | D:8      | Reached XP level 10. HP: 83/90 MP: 8/8
  6001 | D:8      | Noticed Joseph
  6025 | D:8      | Killed Joseph
  6386 | D:9      | Found a blossoming altar of Fedhas.
  6441 | D:9      | Found a staircase to the Lair.
  6849 | D:9      | Reached skill level 12 in Short Blades
  7452 | Lair:1   | Entered Level 1 of the Lair of Beasts
  7723 | Lair:1   | Noticed a death yak
  7724 | Lair:1   | Noticed a death yak
  7724 | Lair:1   | Noticed a spiny frog
  7732 | Lair:1   | Noticed a death yak
  7732 | Lair:1   | Noticed a death yak
  7761 | Lair:1   | Mangled by a crocodile

Levels and vault maps discovered:
D:1:      dpeg_arrival_oval, layout_basic, hangedman_feature_mirror
D:2:      layout_loops_cross, chequers_ecumenical_altar_simple, uniq_jessica
D:3:      layout_loops_cross, marbit_many_paths, uniq_natasha, uniq_ijyb
D:4:      layout_cave_pools, lemuel_round_altar, old_standard_altar,
          first_ration, uniq_pikel, uniq_sigmund, uniq_grinder
D:5:      layout_rooms, bloody_makhleb, xom_redecorated
D:6:      layout_cave_pools, minmay_temple_entry_junction
D:7:      layout_loops_ring, zin_academy, grunt_livestock
D:8:      layout_basic, basic_altar, elyvilon_altar_3, uniq_joseph, uniq_erica,
          uniq_harold
D:9:      layout_stronghold, fedhas_altar_3, lair_entry_dummy
Lair:1:   layout_gridlike, grunt_megastairs_2
Lair:2:   layout_hall_layers, minmay_shoals_entry_hut,
          spider_nest_entry_funnel_web, minivault_19, serial_bayou_shore_a

Skill      XL: |  1  2  3  4  5  6  7  8  9 10 |
---------------+-------------------------------+-----
Fighting       | 4 5 6 7 8 9 |  9.7
Short Blades   | 4 5 6 7 9 11 12 | 12.2
Armour         | 3 4 5 7 8 9 |  9.9
Dodging        | 3 |  3.7
Stealth        | 1 2 |  2.0

Action                   |  1- 3 |  4- 6 |  7- 9 | 10-12 || total
-------------------------+-------+-------+-------+-------++-------
Melee: Short sword       |    62 |   151 |   219 |   137 ||   569
       Headbutt          |     8 |    16 |    48 |    37 ||   109
Invok: Berserk           |     2 |     1 |     4 |     6 ||    13
  Use: Scroll            |       |       |     9 |     1 ||    10
       Potion            |       |       |     8 |       ||     8
  Eat: Chunk             |     2 |     6 |    11 |    10 ||    29
       Ration            |       |       |     1 |       ||     1
Armor: Ring mail         |     5 |       |       |       ||     5
       Animal skin       |     1 |       |       |       ||     1
       Chain mail        |    12 |    51 |    69 |     7 ||   139
       Scale mail        |       |       |       |    25 ||    25
Dodge: Dodged            |    32 |    75 |    63 |    57 ||   227
